Map: 2000 Atmospheres LE

Players

Astrea

  • Race: Protoss Protoss
  • League: Master

HeroMarine - Winner!

  • Race: Terran Terran

Event: TSL 8

VOD

Have the link to the VOD?

Description

Time

  • Played on: Nov. 26, 2021, 12:11 p.m.
  • Length: 11:26

All games in this series

Show
View Real Time Build Order
Export as new Build Order

Astrea Protoss 

Build Orders: 1 Gate Expand, Blink Stalkers 

Get SALT Encoding   

  12  0:00  Probe  
  13  0:12  Probe  
  14  0:17  Pylon  
  14  0:24  Probe (Chrono Boost)  
  16  0:36  Gateway, Probe (Chrono Boost)  
  16  0:43  Probe (Chrono Boost)  
  16  0:45  Assimilator  
  17  0:51  Probe  
  18  1:03  Probe  
  19  1:15  Probe  
  20  1:23  Cybernetics Core  
  20  1:30  Nexus  
  20  1:33  Probe  
  21  1:40  Pylon  
  21  1:45  Probe  
  22  1:48  Assimilator  
  22  1:56  Adept (Chrono Boost)  
  22  1:57  Probe  
  22  2:00  Warp Gate  
  25  2:09  Probe  
  26  2:16  Stalker (Chrono Boost)  
  26  2:21  Probe  
  29  2:30  Twilight Council  
  29  2:33  Probe  
  30  2:42  Probe  
  31  2:45  Probe  
  31  2:49  Gateway  
  32  2:54  Gateway  
  32  2:58  Probe (Chrono Boost)  
  34  3:04  Probe (Chrono Boost)  
  34  3:06  Blink (Chrono Boost)  
  34  3:07  Probe (Chrono Boost)  
  34  3:11  Probe (Chrono Boost)  
  34  3:12  Probe (Chrono Boost)  
  36  3:18  Robotics Facility  
  37  3:23  Probe  
  38  3:27  Probe  
  39  3:35  Probe, Pylon  
  39  3:39  Probe  
  41  3:47  Probe  
  41  3:48  Stalker x2  
  46  3:53  Stalker, Probe  
  46  3:55  Pylon  
  49  3:56  Assimilator  
  49  4:02  Warp Prism (Chrono Boost)  
  51  4:13  Stalker x2  
  51  4:16  Stalker  
  57  4:22  Probe x2  
  59  4:24  Pylon  
  59  4:39  Stalker  
  59  4:42  Stalker x2  
  59  4:44  Probe x2  
  66  4:46  Pylon  
  66  4:48  Assimilator  
  66  4:49  Observer (Chrono Boost)  
  67  4:56  Probe  
  68  5:04  Pylon  
  68  5:05  Stalker x3  
  74  5:08  Probe  
  76  5:14  Observer, Pylon  
  74  5:22  Observer  
  68  5:32  Stalker x3  
  74  5:39  Observer, Nexus  
  74  5:40  Charge  
  74  5:43  Pylon  
  74  5:56  Probe  
  74  5:57  Probe  
  74  6:00  Observer  
  74  6:05  Templar Archives  
  74  6:09  Probe x2  
  76  6:12  Gateway  
  76  6:14  Gateway  
  76  6:16  Gateway  
  76  6:17  Gateway  
  76  6:22  Probe  
  76  6:23  Psionic Storm  
  76  6:24  Probe  
  77  6:34  Probe  
  77  6:36  Probe  
  77  6:37  Gateway  
  77  6:38  Shield Battery  
  77  6:39  Pylon  
  78  6:44  High Templar  
  78  6:45  Zealot x2  
  78  6:46  Probe  
  81  7:05  Probe x2  
  81  7:06  Probe  
  81  7:07  Zealot x3  
  90  7:14  High Templar  
  85  7:25  Stalker x3  
  85  7:27  Nexus  
  91  7:32  Zealot x4  
  96  7:40  Pylon  
  96  7:42  Pylon  
  96  7:44  Pylon  
  96  7:49  Zealot x2  
  96  7:55  Zealot x2, High Templar x2  
  102  8:00  Probe x2  
  102  8:01  Observer (Chrono Boost)  
  105  8:08  Pylon  
  105  8:12  Probe x2 (Chrono Boost)  
  109  8:22  Shield Battery  
  109  8:24  Probe (Chrono Boost)  
  109  8:25  Observer  
  109  8:26  Probe (Chrono Boost), Pylon  
  111  8:29  Probe (Chrono Boost)  
  111  8:32  Probe (Chrono Boost), Forge  
  111  8:33  Assimilator  
  111  8:34  Forge  
  111  8:35  Observer  
  111  8:36  Assimilator  
  111  8:38  Probe  
  111  8:39  High Templar  
  111  8:40  Probe  
  116  8:47  Robotics Bay  
  116  8:49  Robotics Facility  
  115  9:02  High Templar  
  115  9:03  Zealot x6  
  115  9:07  Pylon  
  115  9:09  Protoss Ground Weapons Level 1 (Chrono Boost)  
  129  9:12  Protoss Ground Armor Level 1 (Chrono Boost)  
  129  9:29  Immortal (Chrono Boost)  
  127  9:37  Disruptor (Chrono Boost)  
  129  9:39  Zealot x8  
  146  9:52  Pylon  
  145  10:01  Disruptor  
  151  10:13  Zealot  
  151  10:14  Zealot x5  
  152  10:19  Zealot x2  
  90  10:36  Zealot x5, Disruptor (Chrono Boost)  
  84  10:50  Stalker, Zealot  
  77  11:05  Zealot  
  77  11:06  Zealot x4  
Show
View Real Time Build Order
Export as new Build Order

HeroMarine Terran - Winner!

Build Orders: Reaper Expand 

Get SALT Encoding   

  12  0:00  SCV  
  13  0:12  SCV  
  14  0:17  Supply Depot  
  14  0:24  SCV  
  15  0:39  SCV  
  15  0:40  Barracks  
  16  0:43  Refinery  
  16  0:51  SCV  
  17  1:03  SCV  
  18  1:15  SCV  
  19  1:27  Reaper, Orbital Command  
  20  1:40  Command Center  
  20  1:52  Supply Depot, SCV  
  21  1:59  Marine  
  22  2:04  SCV  
  23  2:10  Factory  
  23  2:15  Refinery  
  23  2:17  SCV  
  23  2:21  Barracks Reactor  
  24  2:25  Bunker  
  24  2:29  SCV  
  25  2:41  SCV  
  26  2:52  Orbital Command  
  26  2:53  SCV  
  26  2:54  Hellion  
  29  2:58  Starport  
  29  3:00  Marine  
  29  3:03  Marine  
  31  3:06  SCV  
  32  3:16  Factory Tech Lab  
  32  3:18  SCV, Marine  
  32  3:19  SCV  
  35  3:21  Marine  
  35  3:24  Supply Depot  
  36  3:30  SCV  
  36  3:31  SCV  
  37  3:36  Marine  
  37  3:38  Starport Tech Lab  
  37  3:39  Marine  
  37  3:40  Siege Tank  
  37  3:41  Refinery  
  42  3:42  SCV  
  42  3:45  SCV  
  44  3:54  Marine  
  44  3:55  Supply Depot, SCV  
  46  3:56  Marine  
  46  3:57  SCV  
  46  3:59  Raven  
  50  4:05  Barracks  
  50  4:07  SCV  
  52  4:10  SCV  
  52  4:12  Marine  
  52  4:14  Marine  
  52  4:16  Siege Tank  
  57  4:20  SCV  
  57  4:23  SCV  
  59  4:26  Barracks  
  59  4:33  SCV  
  59  4:35  SCV, Engineering Bay  
  61  4:45  SCV  
  62  4:47  Supply Depot, SCV  
  62  4:48  Supply Depot  
  62  4:51  Starport Reactor  
  61  4:56  Supply Depot  
  61  4:57  SCV, Factory Reactor  
  62  5:01  Terran Infantry Weapons Level 1, Stimpack  
  62  5:07  Refinery  
  62  5:09  SCV x2, Marine x2  
  67  5:18  Marauder  
  67  5:20  Marauder  
  67  5:21  SCV x2, Combat Shield  
  67  5:26  Marine x2  
  68  5:33  SCV x2  
  70  5:36  Medivac  
  70  5:37  Medivac  
  70  5:39  Marauder  
  78  5:43  Marauder  
  78  5:44  Supply Depot, Marine x2  
  78  5:45  SCV x2  
  82  5:57  SCV x2  
  82  6:00  Marauder, Factory Tech Lab  
  86  6:05  Marine x2  
  86  6:06  Marauder, Supply Depot  
  86  6:08  Medivac  
  86  6:09  Supply Depot, SCV x2  
  94  6:27  Medivac, Siege Tank  
  94  6:28  Marauder x2, Marine x2  
  105  6:46  Marine x2  
  105  6:47  Command Center  
  107  6:50  Marauder x2  
  111  6:56  Supply Depot  
  111  6:57  Supply Depot  
  111  6:58  Medivac  
  110  7:01  Medivac  
  110  7:03  Concussive Shells  
  110  7:05  SCV x2  
  114  7:11  Marauder x2  
  116  7:17  SCV x2  
  113  7:24  Marine x2  
  111  7:30  SCV  
  111  7:31  SCV, Medivac  
  111  7:32  Marauder  
  111  7:33  Marauder  
  119  7:43  Barracks  
  119  7:45  Terran Infantry Armor Level 1  
  119  7:46  Barracks  
  119  7:48  SCV  
  119  7:50  Marine x2  
  122  7:54  Marauder x2  
  126  7:59  Orbital Command  
  126  8:00  SCV  
  126  8:02  Ghost Academy  
  126  8:03  Widow Mine x2  
  126  8:04  SCV  
  131  8:10  Missile Turret  
  131  8:12  Viking  
  133  8:14  Viking  
  139  8:20  SCV x2, Orbital Command  
  139  8:26  Widow Mine x2  
  145  8:32  SCV x2  
  147  8:38  Barracks Reactor  
  147  8:40  Marine  
  149  8:46  Supply Depot  
  149  8:48  Marine  
  152  8:49  Supply Depot  
  152  8:51  Bunker  
  152  8:53  Supply Depot  
  150  8:59  Medivac x2  
  150  9:00  Widow Mine  
  156  9:04  SCV  
  156  9:05  Refinery x2, Unknown x3  
  156  9:08  Widow Mine, SCV x2, Marine  
  162  9:10  Supply Depot, Marine  
  162  9:11  Supply Depot, Marine  
  162  9:15  Marauder  
  166  9:18  Armory  
  166  9:22  Marauder, Marine x2  
  167  9:26  Marine  
  167  9:27  Widow Mine  
  167  9:30  Widow Mine  
  170  9:37  Marauder, Marine x2  
  172  9:38  Medivac x2  
  172  9:43  Marauder  
  172  9:44  Engineering Bay, Marine x2  
  180  9:52  Marine  
  181  9:53  Widow Mine x2  
  181  9:55  Marine  
  181  9:56  Marauder  
  181  9:59  Marauder  
  190  10:01  Marine  
  190  10:03  Marine  
  190  10:05  Marauder  
  192  10:09  Marine  
  192  10:13  Marine  
  194  10:17  Marauder, Medivac  
  194  10:18  Medivac  
  194  10:19  Marine  
  194  10:20  Marauder  
  194  10:25  Marine  
  194  10:26  Marauder  
  194  10:27  Widow Mine x2, Marine  
  173  10:30  Marine  
  173  10:33  Orbital Command  
  167  10:37  Marine  
  167  10:38  Marauder  
  167  10:41  Marauder  
  161  10:43  Marine  
  161  10:45  Marine  
  161  10:47  Medivac  
  161  10:48  Marauder, Widow Mine x2, Medivac, Marine  
  168  10:55  Marine  
  159  10:59  Marine  
  159  11:00  Marine  
  159  11:02  Marine  
Tags
 
Add a new tag
Caveats
  • Supply blocks, unpowered buildings, or Contaminate may cause inaccurate times.
  • Supply counts are checked every 10 seconds.